 Dungeon Crawl Stone Soup version 0.20.0-15-g7f486f2 (webtiles) character file.

6180 anfisbena the Carver (level 10, -2/47 HPs)
             Began as a Vine Stalker Fighter on June 15, 2017.
             Was a Follower of Uskayaw.
             Slain by a wyvern (10 damage)
             ... on level 8 of the Dungeon.
             The game lasted 00:11:13 (7216 turns).

anfisbena the Carver (Vine Stalker Fighter)         Turns: 7216, Time: 00:11:14

Health: -2/47      AC:  8    Str: 19    XL:     10   Next: 91%
Magic:  0/11       EV:  8    Int:  3    God:    Uskayaw [*.....]
Gold:   306        SH:  9    Dex: 19    Spells: 9/9 levels left

rFire    . . .     SeeInvis +   a - +12 long sword of Xuzok {flame, MR+ Int-5 SInv}
rCold    . . .     Gourm    .   c - +0 shield
rNeg     . . .     Faith    .   u - +2 leather armour {rPois}
rPois    +         Spirit   +   m - +0 helmet
rElec    .         Reflect  .   (no cloak)
rCorr    .         Harm     .   g - +0 pair of gloves
MR       ++...                  J - +0 pair of boots
Stlth    +.........             (no amulet)
Regen    0.6/turn               H - ring of flight
MPRegen  0.2/turn               D - +2 ring of dexterity

@: no status effects
A: fangs 3, regeneration 1, magic shield, antimagic bite, no potion heal 3, rot
immunity
a: Stomp, Renounce Religion, Evoke Flight


You were on level 8 of the Dungeon.
You worshipped Uskayaw.
Uskayaw was noncommittal.
You were not hungry.

You visited 2 branches of the dungeon, and saw 10 of its levels.

You collected 459 gold pieces.
You spent 153 gold pieces at shops.

Inventory:

Hand Weapons
 a - the +12 long sword of Xuzok (weapon) {flame, MR+ Int-5 SInv}
   (You bought it in a shop on level 7 of the Dungeon)

   It has been specially enchanted to burn those struck by it, causing extra
   injury to most foes and up to half again as much damage against particularly
   susceptible opponents.
   Big, fiery blades are also staple armaments of hydra-hunters.
   It affects your intelligence (-5).
   It affects your resistance to hostile enchantments.
   It lets you see invisible.
Armour
 c - a +0 shield (worn)
 g - a +0 pair of gloves (worn)
 m - a +0 helmet (worn)
 u - a +2 leather armour of poison resistance (worn)
 J - a +0 pair of boots (worn)
Jewellery
 D - a +2 ring of dexterity (right hand)
 H - a ring of flight (left hand)
Wands
 t - a wand of flame (24/48)
 E - a wand of digging (12/24)
Scrolls
 e - 3 scrolls of teleportation
 j - 4 scrolls of amnesia
 k - 2 scrolls of enchant armour {unknown}
 l - 3 scrolls of enchant weapon
 p - 4 scrolls of remove curse
 q - 4 scrolls of recharging
 s - a scroll of blinking {unknown}
 y - a scroll of magic mapping {unknown}
 G - a scroll of immolation {unknown}
 L - a scroll of acquirement {unknown}
Potions
 d - a potion of might
 h - 2 potions of ambrosia
 o - a potion of agility {unknown}
 w - a potion of mutation {unknown}
 x - a potion of haste {unknown}
 A - a potion of heal wounds {unknown}
 C - 2 potions of degeneration {unknown}
 F - 3 potions of curing {unknown}
 I - a potion of lignification {unknown}
 K - a potion of berserk rage {unknown}
Books
 b - a book of Battle

   Spells                             Type                      Level
   a - Infusion                       Charms                       1
   b - Shroud of Golubria             Charms/Translocation         2
   c - Song of Slaying                Charms                       2
   d - Spectral Weapon                Hexes/Charms                 3
   e - Regeneration                   Charms/Necromancy            3
 z - a book of Callings

   Spells                             Type                      Level
   a - Summon Small Mammal            Summoning                    1
   b - Call Imp                       Summoning                    2
   c - Call Canine Familiar           Summoning                    3
   d - Summon Guardian Golem          Hexes/Summoning              3
   e - Summon Lightning Spire         Summoning/Air                4
   f - Summon Ice Beast               Ice/Summoning                4
 M - a book of Debilitation

   Spells                             Type                      Level
   a - Corona                         Hexes                        1
   b - Slow                           Hexes                        2
   c - Inner Flame                    Hexes/Fire                   3
   d - Portal Projectile              Hexes/Translocation          3
   e - Cause Fear                     Hexes                        4
   f - Leda's Liquefaction            Hexes/Earth                  4
Comestibles
 f - 6 bread rations
 i - 10 chunks of flesh
 n - 4 royal jellies
 r - 4 meat rations
 B - 2 fruits


   Skills:
 - Level 2.6 Fighting
 + Level 14.2 Long Blades
 - Level 2.4 Armour
 - Level 2.6 Shields


You had 9 spell levels left.
You didn't know any spells.

Dungeon Overview and Level Annotations

Branches:
Dungeon (9/15)             Temple (1/1) D:7            Lair (0/6) D:9
    Orc: D:9-12

Altars:
Ashenzari
Cheibriados
Dithmenos
Elyvilon
Fedhas
Gozag
Hepliaklqana
Kikubaaqudgha
Makhleb
Nemelex Xobeh
Okawaru
Qazlal
Ru
Sif Muna
Trog
Uskayaw
Vehumet
Xom
Yredelemnul
Zin
The Shining One

Shops:
D:4 (   D:7 (*(*[


Innate Abilities, Weirdness & Mutations

You have razor-sharp teeth.
Your natural rate of healing is unusually fast.
When hurt, damage is shared between your health and your magic reserves.
Your bite disrupts and absorbs the magic of your enemies.
Potions cannot restore your health.
You are immune to rotting.


Message History

Found an escape hatch in the ceiling.
A wyvern comes into view.
The wyvern hisses angrily.
The orc wizard casts a spell at you. You block the puff of frost.
The orc wizard gestures at you while chanting.
The magic dart hits you!
* * * LOW HITPOINT WARNING * * *
The wyvern bites you but does no damage.
There is an escape hatch in the ceiling here.
The wyvern bites you.
* * * LOW HITPOINT WARNING * * *
The death yak snorts and paws the ground.
You block the death yak's attack. A mysterious force pulls you upwards.
The hatch slams shut behind you. The wyvern bites you.
* * * LOW HITPOINT WARNING * * *
You block the wyvern's attack. x2
The wyvern bites you!
You die...

####### #.....# #.....#####
#.........#########
######.>..).............
#.........#....#########
#.#####Y#)##....##......
#.# #l#.##.##.##......
#.#####@#.##.##.........
#....##.#.##.#####......
####.##.#....# ##+####
###....###########.....
#......................
#####.##############.#####.
#.....# #....... #.....#
######## #....## #


You could see a death yak and a wyvern.

Vanquished Creatures
  2 two-headed ogres
  A death yak (D:9)
  Psyche (D:8)
  The ghost of Exporg the Shield-Bearer, an amateur MiFi (D:3)
  Prince Ribbit (D:5)
  Grinder (D:5)
  A spriggan (D:8)
  Sigmund (D:5)
  Eustachio (D:4)
  Grum (D:8)
  A water moccasin (D:6)
  2 ice beasts
  A sky beast (D:5)
  3 orc warriors
  3 phantoms
  4 wolves (D:8)
  2 ogres
  A centaur (D:7)
  A big kobold (D:8)
  3 bullfrogs
  A scorpion (D:5)
  5 killer bees (D:7)
  2 howler monkeys (D:7)
  2 crimson imps
  A jelly (D:7)
  A hound (D:5)
  A centaur skeleton (D:8)
  A gnoll shaman (D:8)
  An orc priest (D:5)
  3 worker ants
  7 orc wizards
  A mummy (D:6)
  4 gnolls (D:8)
  5 adders
  A shadow imp (D:7)
  2 oozes
  An adder zombie (D:6)
  3 worms
  2 dart slugs
  8 leopard geckos
  28 orcs
  2 ball pythons
  3 giant cockroaches
  7 goblins
  8 hobgoblins
  6 jackals
  18 kobolds
  6 quokkas
  4 bats
  5 frilled lizards
  3 hobgoblin zombies (D:6)
  A jackal skeleton (D:5)
  A kobold zombie (D:6)
  A leopard gecko zombie (D:6)
  7 rats
184 creatures vanquished.

Notes
Turn   | Place    | Note
-------+----------+-------------------------------------------
     0 | D:1      | anfisbena the Vine Stalker Fighter began the quest for the Orb.
     0 | D:1      | Reached XP level 1. HP: 11/11 MP: 2/2
    95 | D:1      | Reached skill level 2 in Long Blades
   143 | D:1      | Reached XP level 2. HP: 16/16 MP: 3/3
   543 | D:1      | Reached skill level 3 in Long Blades
   679 | D:1      | Reached XP level 3. HP: 19/19 MP: 4/4
  1604 | D:2      | Gained mutation: Your natural rate of healing is unusually fast. [Vine Stalker growth]
  1604 | D:2      | Reached XP level 4. HP: 19/23 MP: 2/5
  1821 | D:2      | Noticed a bullfrog
  1827 | D:2      | Killed a bullfrog
  1827 | D:2      | Reached skill level 4 in Long Blades
  1827 | D:2      | Reached XP level 5. HP: 26/27 MP: 6/6
  2239 | D:3      | Reached skill level 5 in Long Blades
  2320 | D:3      | Found an opulent altar of Gozag.
  2390 | D:3      | Noticed Exporg's ghost (amateur MiFi)
  2417 | D:3      | Killed Exporg's ghost
  2417 | D:3      | Reached skill level 6 in Long Blades
  2417 | D:3      | Reached XP level 6. HP: 8/32 MP: 4/7
  3004 | D:4      | Reached XP level 7. HP: 35/35 MP: 8/8
  3096 | D:4      | Found Saoxa's Antique Weapon Shoppe.
  3151 | D:4      | Noticed Eustachio
  3173 | D:4      | HP: 1/35 [iron imp[Eustachio] (6)]
  3210 | D:4      | Killed Eustachio
  3210 | D:4      | Reached skill level 7 in Long Blades
  3572 | D:4      | Reached skill level 8 in Long Blades
  3898 | D:4      | Gained mutation: You have razor-sharp teeth. [Vine Stalker growth]
  3898 | D:4      | Reached XP level 8. HP: 32/39 MP: 9/9
  3953 | D:5      | Entered Level 5 of the Dungeon
  4345 | D:5      | Noticed Prince Ribbit
  4357 | D:5      | Killed Prince Ribbit
  4357 | D:5      | Reached skill level 9 in Long Blades
  4397 | D:5      | Noticed Grinder
  4409 | D:5      | Killed Grinder
  4485 | D:5      | Found a hazy altar of Hepliaklqana.
  4676 | D:5      | Reached skill level 10 in Long Blades
  4759 | D:5      | Reached XP level 9. HP: 28/43 MP: 8/10
  4822 | D:5      | Noticed Sigmund
  4834 | D:5      | Killed Sigmund
  5694 | D:7      | Reached skill level 11 in Long Blades
  5751 | D:7      | Found Fygu's Antique Weapon Emporium.
  5759 | D:7      | Bought a transparent long sword for 153 gold pieces
  5759 | D:7      | Identified the +12 long sword of Xuzok {flame, MR+ Int-5 SInv} (You bought it in a shop on level 7 of the Dungeon)
  5761 | D:7      | Noticed a two-headed ogre
  5781 | D:7      | Killed a two-headed ogre
  5867 | D:7      | Found Fytsucef's General Store.
  5877 | D:7      | Found Ceal's Weapon Emporium.
  5898 | D:7      | Reached skill level 12 in Long Blades
  5922 | D:7      | Found Juxirr's Armour Shop.
  6013 | D:7      | Found Juahu's General Store.
  6036 | D:7      | Found a staircase to the Ecumenical Temple.
  6049 | Temple   | Entered the Ecumenical Temple
  6140 | Temple   | Became a worshipper of Uskayaw the Reveler
  6228 | D:7      | Reached * piety under Uskayaw
  6233 | D:7      | Reached ** piety under Uskayaw
  6236 | D:7      | Reached XP level 10. HP: 47/47 MP: 11/11
  6330 | D:7      | Found a glowing silver altar of Zin.
  6499 | D:8      | Reached *** piety under Uskayaw
  6532 | D:8      | Noticed a two-headed ogre
  6538 | D:8      | Killed a two-headed ogre
  6538 | D:8      | Reached skill level 13 in Long Blades
  6567 | D:8      | Reached **** piety under Uskayaw
  6669 | D:8      | Noticed Grum
  6673 | D:8      | Noticed Psyche
  6674 | D:8      | Killed Grum
  6685 | D:8      | Killed Psyche
  6697 | D:8      | Reached ***** piety under Uskayaw
  6706 | D:8      | Reached ****** piety under Uskayaw
  7141 | D:9      | Noticed a death yak
  7141 | D:9      | Noticed a death yak
  7155 | D:9      | Killed a death yak
  7155 | D:9      | Reached skill level 14 in Long Blades
  7167 | D:9      | Found a staircase to the Lair.
  7167 | D:9      | Noticed a death yak
  7184 | D:9      | HP: 1/47 [death yak (10)]
  7216 | D:8      | Slain by a wyvern

Skill      XL: |  1  2  3  4  5  6  7  8  9 10 |
---------------+-------------------------------+-----
Long Blades    | 2 3 4 6 8 10 12 14 | 14.2
Fighting       | |  2.6
Armour         | |  2.4
Shields        | |  2.6

Action                   |  1- 3 |  4- 6 |  7- 9 | 10-12 || total
-------------------------+-------+-------+-------+-------++-------
Melee: Long sword        |   104 |   123 |   289 |    95 ||   611
       Bite              |    19 |    39 |   101 |    29 ||   188
  Use: Scroll            |       |       |     1 |     5 ||     6
 Stab: Sleeping          |       |       |     1 |       ||     1
       Paralysed         |       |       |       |     4 ||     4
  Eat: Chunk             |     2 |     5 |    10 |     4 ||    21
Armor: Scale mail        |    34 |    55 |    40 |       ||   129
       Leather armour    |       |       |    41 |    28 ||    69
Dodge: Dodged            |    27 |    29 |    70 |    19 ||   145
Block: Shield            |    64 |    50 |   152 |    54 ||   320
       Rpst.: Long sword |     5 |     9 |    19 |     4 ||    37
